 Dungeon Crawl Stone Soup version 0.32-a0-975-g85d4e5bfdb (webtiles) character file.

Game seed: 7021096888585740068

14 kae the Changeling (level 2, -2/12 HPs)
             Began as a Demonspawn Shapeshifter on Apr 18, 2024.
             Slain by a hobgoblin (5 damage)
             ... on level 1 of the Dungeon.
             The game lasted 00:00:19 (297 turns).

kae the Changeling (Demonspawn Shapeshifter)         Turns: 297, Time: 00:00:20

Health: -2/12      AC:  0    Str: 14    XL:     2   Next: 27%
Magic:  2/2        EV: 15    Int: 10    God:
Gold:   21         SH:  0    Dex: 12    Spells: 1/1 levels left

rFire   . .          .
                       - Unarmed
rCold   . . .        (shield currently unavailable)
rNeg    . . .        a - melded +0 animal skin
rPois   .            (no helmet)
rElec   .            (no cloak)
rCorr   .            (no gloves)
SInv    .            (no boots)
Will    .....        (no amulet)
Stlth   +            (no ring)
HPRegen 0.22/turn    (no ring)
MPRegen 0.08/turn

%: no passive effects
@: flux-form, glowing
A: glow, contaminating, reduced hp, foul shadow 1
a: Begin Untransformation


You were on level 1 of the Dungeon.
You were something dangerously unstable.
You visited 1 branch of the dungeon, and saw 1 of its levels.

You collected 21 gold pieces.


Innate Abilities, Weirdness & Mutations

You are something dangerously unstable.
You glow with magical radiation, making you easy to see and hit.
Foes you strike become dangerously contaminated with magical radiation.
Your maximum health is decreased, since you lack skill for your form.
You are incapable of wielding weapons or throwing items.
You are faintly shadowed, very rarely releasing foul flame when damaged in melee.


   Skills:
 - Level 1.0 Fighting
 - Level 1.7 Dodging
 + Level 2.9 Unarmed Combat
 * Level 3.1 Shapeshifting


You had one spell level left.
You didn't know any spells.
Your spell library was empty.

Inventory:

Armour
 a - a +0 animal skin (melded)
Talismans
 c - a beast talisman
 d - a flux talisman (active)
Scrolls
 f - 2 scrolls of identify {unknown}
Potions
 b - a potion of lignification {!q}
 e - a potion of enlightenment {unknown}
 g - a potion of brilliance {unknown}
 h - a potion of ambrosia {unknown}

Dungeon Overview and Level Annotations

Branches:
Dungeon (1/15) Zot: 5704

Altars:

.................########
..########.####..# #.#
#..# . #.# #..#
....#####.####..#####
....................#
###.#####.#..#.†###.####
###.###.###.###.##.....
##...gp..........#.....
....##)###.###.##....###
###.#...........#.#..##.
##...##.###.##...#.....
##.#.#.......#.#.##.###
#..#...##.##...#..#.#
##.#.#.#...#.#.#.##.#
##...#...#...#...#..#
.#.#.#.#.##


You could see a hobgoblin (heavy contam).


Message History

The giant cockroach shudders as magic cascades through it.
You kill the giant cockroach!
You have reached level 2!
Your demonic ancestry asserts itself...
Your body darkens with foul flame. 😕 HP[+3] MP[+1]
You now have 12 max hp (+3).
You regained 3 hp, and now have 10/12 hp.
Your mp is fully restored (2).
The rat barely misses you.
You see here a giant cockroach corpse.
You closely miss the rat. You barely miss the rat. The rat bites you. 😮 HP[-2]
You take 2 damage, and now have 8/12 hp.
You hit the rat.
You kill the rat!
Unknown command.
You see here a rat corpse.
You start resting. 😕 HP[+2]
You regained 2 hp, and now have 10/12 hp.
f - 2 scrolls labelled BAACLET EKHIRI (gained 1)
A bat comes into view. 😎 HP[+2]
Your hp is fully restored (12).
The bat barely misses you. The bat hits you.
You barely miss the bat. The bat misses you. 😕 HP[-1]
You take 1 damage, and now have 11/12 hp.
A bat is nearby!
A bat is nearby!
You hit the bat but do no damage.
The bat begins to glow.
The bat misses you. The bat hits you.
You hit the bat.
The bat glows dangerously bright.
The bat hits you.
The bat is seared by the foul flame within you.
The bat completely misses you. x2
A bat is nearby!
You hit the bat.
You kill the bat!
No target in view! 😕 HP[-1]
You take 1 damage, and now have 10/12 hp.
An endoplasm and a rat come into view.
The endoplasm quivers.
The rat squeaks loudly.
A goblin comes into view. It is wielding a +0 dagger.
A hobgoblin comes into view. 😎 HP[+2]
Your hp is fully restored (12).
The goblin shouts!
The rat barely misses you.
There are monsters nearby!
There are monsters nearby!
Unknown command.
There are monsters nearby!
You hit the endoplasm.
The endoplasm begins to glow.
The endoplasm hits you. The rat barely misses you.
You hit the endoplasm but do no damage.
The endoplasm glows dangerously bright.
The endoplasm barely misses you. The rat bites you.
The rat is seared by the foul flame within you.
You kill the rat! 😮 HP[-5]
You take 5 damage, and now have 7/12 hp.
MASSIVE DAMAGE!! (PAUSE)
You hit the endoplasm.
The endoplasm shudders as magic cascades through it.
You kill the endoplasm!
Unknown command.
You completely miss the hobgoblin.
Unknown command.
You hit the goblin but do no damage.
The goblin begins to glow.
The hobgoblin barely misses you. The goblin hits you with a +0 dagger.
* * * LOW HITPOINT WARNING * * *
😨 HP[-2]
You take 2 damage, and now have 5/12 hp.
You hit the goblin.
The goblin glows dangerously bright.
The hobgoblin hits you.
* * * LOW HITPOINT WARNING * * *
The goblin misses you. 😨 HP[-1]
You take 1 damage, and now have 4/12 hp.
Unknown command.
You hit the goblin but do no damage.
The goblin shudders as magic cascades through it.
You kill the goblin!
The hobgoblin hits you.
* * * LOW HITPOINT WARNING * * *
😱 HP[-2]
You take 2 damage, and now have 2/12 hp.
You closely miss the hobgoblin.
Unknown command.
You hit the hobgoblin.
The hobgoblin begins to glow.
The hobgoblin closely misses you. 😱 HP[+1]
You barely miss the hobgoblin. The hobgoblin closely misses you.
Unknown command.
You hit the hobgoblin but do no damage.
The hobgoblin glows dangerously bright.
The hobgoblin hits you.
You die...

Skill      XL: |  1 |
---------------+----+-----
Shapeshifting  | 3 |  3.1
Fighting       | |  1.0
Dodging        | |  1.7
Unarmed Combat | |  2.9

Action                     || total
---------------------------++-------
  Melee: Unarmed           ||    42
 Armour: Skin              ||    17
  Dodge: Dodged            ||    33
   Form: Flux              ||     1

Levels and vault maps discovered:
D:1:      matt_arrival_grand_opening, layout_loops_ring, minmay_misc_feat_chi,
          nicolae_concentric_dashed_squares_mild, kennysheep_decorative_pillar,
          chequers_decorated_corner

Notes
Turn   | Place    | Note
-------+----------+-------------------------------------------
     0 | D:1      | kae the Demonspawn Shapeshifter began the quest for the
                  | Orb.
     0 | D:1      | Reached XP level 1. HP: 15/15 MP: 1/1
     0 | D:1      | magus.rc [v1.11.3]
   135 | D:1      | HP: 2/8 [frozen (5)]
   202 | D:1      | Reached skill level 3 in Shapeshifting
   211 | D:1      | Gained mutation: You are faintly shadowed, very rarely
                  | releasing foul flame when damaged in melee. [demonic
                  | ancestry]
   211 | D:1      | Reached XP level 2. HP: 10/21 MP: 2/2
   293 | D:1      | HP: 2/12 [hobgoblin (2)]
   297 | D:1      | Slain by a hobgoblin

Vanquished Creatures
  A ball python (D:1)
  A bat (D:1)
  2 endoplasms (D:1)
  A giant cockroach (D:1)
  A goblin (D:1)
  3 quokkas (D:1)
  2 rats (D:1)
11 creatures vanquished.

Table legend:
 A = Non-vault XP
 B = Vault XP
 C = Vault XP percentage of total XP
 D = Non-vault monster count
 E = Vault monster count
 F = Vault count percentage of total count
                 A         B        C        D         E       F
            +---------+---------+-------+---------+---------+-------
      Total |      20 |       0 |   0.0 |      11 |       0 |   0.0
            +---------+---------+-------+---------+---------+-------
        D:1 |      20 |       0 |   0.0 |      11 |       0 |   0.0
            +---------+---------+-------+---------+---------+-------

Skill      XL: |  1 |
---------------+----+-----
Shapeshifting  | 3 |  3.1
Fighting       | |  1.0
Dodging        | |  1.7
Unarmed Combat | |  2.9

Action                     || total
---------------------------++-------
  Melee: Unarmed           ||    42
 Armour: Skin              ||    17
  Dodge: Dodged            ||    33
   Form: Flux              ||     1

Illustrated notes

Table legend:
 A = Kills in this place as a percentage of kills in the entire game.
 B = Kills by you in this place as a percentage of kills by you in the entire game.
 C = Kills by friends in this place as a percentage of kills by friends in the entire game.
 D = Other kills in this place as a percentage of other kills in the entire game.
 E = Experience gained in this place as a percentage of experience gained in the entire game.
 F = Experience gained in this place divided by the number of levels of this place that you have seen.
                   A       B       C       D       E      F
               +-------+-------+-------+-------+-------+----------------------
         Total | 100.0 | 100.0 |   N/A |   N/A | 100.0 |  20.0
       Dungeon | 100.0 | 100.0 |   N/A |   N/A | 100.0 |  20.0
               +-------+-------+-------+-------+-------+----------------------

Table legend: (Time is in decaauts)
 A = Elapsed time spent in this place.
 B = Non-inter-level travel time spent in this place.
 C = Inter-level travel time spent in this place.
 D = Time resting spent in this place.
 E = Time spent auto-exploring this place.
 F = Levels seen in this place.
 G = Mean time per level.
                   A        B        C        D        E       F      G
               +--------+--------+--------+--------+--------+-----+--------+
         Total |    294 |    294 |      0 |     22 |    201 |   1 |  294.0 |
       Dungeon |    294 |    294 |      0 |     22 |    201 |   1 |  294.0 |
               +--------+--------+--------+--------+--------+-----+--------+

Top non-repeatable levels by time:
     D:1: 294 daAuts
